Map: Void Launch

Players

Yuriprime

  • Race: Protoss Protoss
  • Spawn Location: 6:00

Ben

  • Race: Zerg Zerg
  • Spawn Location: 6:00

VOD

Have the link to the VOD?

Description

Time

  • Played on: July 29, 2017, 9:21 a.m.
  • Length: 24:09
Show
View Real Time Build Order
Export as new Build Order

Yuriprime Protoss 

Build Orders:  

Get SALT Encoding   

  12  0:03  Probe (Chrono Boost)  
  13  0:17  Probe (Chrono Boost)  
  14  0:29  Pylon  
  14  0:32  Probe (Chrono Boost)  
  15  0:53  Probe (Chrono Boost)  
  16  1:07  Probe (Chrono Boost)  
  17  1:20  Pylon  
  17  1:21  Probe (Chrono Boost)  
  18  1:35  Probe (Chrono Boost)  
  19  1:56  Nexus  
  19  1:59  Probe (Chrono Boost)  
  20  2:09  Assimilator  
  20  2:13  Probe (Chrono Boost)  
  20  2:15  Assimilator  
  21  2:27  Probe (Chrono Boost)  
  22  2:30  Gateway  
  22  2:41  Probe (Chrono Boost)  
  23  2:55  Probe (Chrono Boost)  
  24  3:08  Probe (Chrono Boost)  
  25  3:22  Probe (Chrono Boost)  
  26  3:36  Probe (Chrono Boost), Pylon  
  27  3:41  Cybernetics Core  
  27  3:50  Forge  
  27  3:53  Probe (Chrono Boost)  
  27  3:56  Probe (Chrono Boost)  
  29  4:07  Probe (Chrono Boost)  
  30  4:10  Probe (Chrono Boost)  
  30  4:19  Pylon  
  31  4:21  Probe (Chrono Boost)  
  31  4:24  Probe (Chrono Boost)  
  33  4:33  Warp Gate  
  33  4:35  Probe (Chrono Boost)  
  33  4:36  Death Council  
  33  4:38  Probe (Chrono Boost)  
  35  4:48  Pylon  
  35  4:49  Probe (Chrono Boost)  
  36  4:52  Probe (Chrono Boost)  
  37  5:02  Probe (Chrono Boost)  
  37  5:06  Probe (Chrono Boost)  
  39  5:16  Probe (Chrono Boost)  
  40  5:20  Probe (Chrono Boost)  
  40  5:28  Assimilator  
  41  5:30  Probe (Chrono Boost)  
  41  5:31  Assimilator  
  41  5:34  Probe (Chrono Boost)  
  41  5:36  Ascendant Archives  
  41  5:39  Gateway  
  43  5:44  Probe (Chrono Boost)  
  43  5:48  Probe (Chrono Boost)  
  45  5:50  Gateway  
  45  5:58  Probe (Chrono Boost)  
  46  6:02  Probe (Chrono Boost)  
  47  6:12  Probe (Chrono Boost)  
  48  6:38  Gateway  
  48  6:42  Gateway  
  48  6:44  Blood Shields  
  48  6:45  Gateway  
  48  6:46  Power Overwhelming (Chrono Boost)  
  48  6:54  Gateway  
  48  7:05  Supplicant x2  
  52  7:20  Supplicant x4  
  56  7:28  Soul Augmentation  
  56  7:29  Imposing Presence  
  60  7:36  Mind Blast (Chrono Boost)  
  60  7:38  Probe  
  61  7:41  Forge  
  61  8:12  Pylon  
  61  8:20  Supplicant x4  
  61  8:22  Mothership  
  61  8:25  Chaotic Attunement (Chrono Boost)  
  61  8:29  Pylon  
  69  8:30  Pylon  
  69  8:31  Pylon  
  69  8:32  Pylon  
  69  8:36  Pylon  
  69  8:37  Telekinesis (Chrono Boost)  
  69  8:47  Pylon  
  69  8:52  Protoss Shields Level 1 (Chrono Boost)  
  69  8:55  Supplicant x4  
  77  9:26  Supplicant x2  
  77  9:27  Supplicant x6  
  93  9:50  Ascendant x2  
  93  9:51  Ascendant x4  
  93  9:57  Protoss Ground Weapons Level 1 (Chrono Boost)  
  95  10:47  Ascendant  
  95  10:48  Ascendant  
  95  10:49  Supplicant x6  
  111  10:50  Supplicant x4  
  87  11:33  Ascendant x3  
  87  11:34  Supplicant x2  
  87  11:35  Supplicant x4  
  87  11:36  Supplicant x2  
  109  11:47  Gateway  
  109  11:51  Gateway  
  109  12:00  Supplicant x2  
  109  12:01  Supplicant x4  
  109  12:04  Gateway  
  121  12:32  Ascendant x2  
  123  12:47  Nexus  
  111  13:01  Assimilator  
  111  13:05  Probe  
  111  13:06  Probe  
  111  13:07  Assimilator  
  111  13:09  Pylon  
  113  13:12  Pylon  
  113  13:14  Supplicant x6  
  113  13:15  Pylon  
  125  13:22  Probe  
  126  13:34  Probe  
  126  13:39  Probe  
  126  13:51  Probe  
  126  13:56  Probe  
  122  14:08  Probe  
  121  14:13  Probe  
  116  14:25  Probe  
  116  14:27  Mothership  
  109  14:38  Supplicant x4  
  109  14:39  Supplicant x6  
  129  14:40  Supplicant x4  
  129  14:42  Probe  
  129  14:44  Probe  
  129  14:45  Probe  
  140  14:56  Probe  
  141  15:01  Probe  
  141  15:02  Probe  
  141  15:08  Supplicant x2  
  141  15:09  Supplicant x6  
  159  15:10  Probe  
  159  15:18  Probe  
  159  15:19  Probe  
  162  15:23  Ascendant  
  162  15:24  Probe  
  165  15:32  Pylon  
  165  15:35  Pylon  
  165  15:38  Pylon  
  165  15:41  Pylon  
  165  15:48  Probe  
  165  15:51  Probe  
  165  15:52  Probe  
  152  16:08  Probe  
  152  16:09  Probe  
  150  16:11  Ascendant x2  
  150  16:12  Ascendant x5  
  146  16:50  Protoss Ground Weapons Level 2 (Chrono Boost)  
  146  17:08  Havoc x3  
  147  17:11  Supplicant x10  
  147  17:12  Supplicant x2  
  147  17:13  Cloaking Module (Chrono Boost)  
  147  17:19  Protoss Shields Level 2  
  171  17:31  Havoc  
  140  17:54  Ascendant x2  
  140  17:55  Supplicant x2  
  140  17:56  Supplicant x6  
  140  17:57  Supplicant x6  
  168  18:03  Bloodshard Resonance (Chrono Boost)  
  162  18:31  Ascendant  
  162  18:32  Ascendant  
  162  18:33  Supplicant x4  
  162  18:34  Supplicant x4  
  146  18:59  Pylon  
  142  19:02  Pylon  
  142  19:05  Pylon  
  142  19:07  Pylon  
  142  19:10  Pylon  
  142  19:15  Ascendant x3  
  142  19:16  Supplicant x8, Detect Weakness (Chrono Boost)  
  142  19:17  Supplicant x4  
  142  19:18  Supplicant x2  
  152  19:51  Supplicant x6  
  152  19:52  Supplicant x8  
  144  20:30  Supplicant x8  
  136  20:31  Supplicant x8  
  136  20:32  Supplicant x4  
  132  21:23  Supplicant x6  
  132  21:24  Supplicant x4  
  132  21:25  Supplicant x6  
  132  21:26  Supplicant x2  
  156  21:31  Mothership, Supplicant x2  
  142  22:23  Supplicant x6  
  142  22:24  Supplicant x8  
  142  22:25  Supplicant x6  
  148  22:57  Supplicant x6  
  148  22:58  Supplicant x10  
  148  22:59  Supplicant x4  
  172  23:25  Supplicant x6  
  172  23:26  Supplicant x6  
Show
View Real Time Build Order
Export as new Build Order

Ben Zerg 

Build Orders:  

Get SALT Encoding   

  6  0:10  Drone x2  
  6  0:17  Drone x2  
  8  0:28  Drone x2  
  9  0:37  Drone x2  
  10  0:46  Drone x2  
  11  1:13  Spawning Pool  
  11  1:17  Extractor  
  11  1:19  Extractor  
  9  1:20  Overlord  
  9  1:26  Drone x2  
  10  1:40  Drone x2  
  11  1:55  Queen  
  11  1:57  Drone x2  
  14  2:05  Swarmling x6  
  17  2:19  Baneling Nest  
  17  2:23  Swarmling x3  
  18  2:35  Overlord  
  18  2:47  Centrifical Hooks  
  18  2:52  Lair  
  18  3:15  Hatchery  
  20  3:46  Drone x6  
  23  3:56  Drone x4  
  25  4:13  Evolution Chamber  
  25  4:16  Extractor  
  25  4:17  Evolution Chamber  
  25  4:27  Queen  
  29  4:53  Drone x4  
  29  4:59  Drone x2  
  32  5:04  Extractor  
  32  5:17  Queen  
  36  5:26  Heroic Fortitude  
  36  5:27  Medusa Blades  
  36  6:41  Zerg Melee Weapons Level 1  
  36  6:45  Scourge Nest  
  36  6:52  Hive  
  36  7:18  Corrosive Acid  
  36  7:19  Metabolic Boost  
  36  7:21  Overlord x5  
  36  7:22  Overlord x2  
  36  7:48  Swarmling x9  
  36  7:49  Swarmling x3  
  44  7:51  Drone x2  
  44  7:52  Drone x6  
  44  7:54  Drone x2  
  44  7:58  Zerg Ground Armor Level 1  
  44  7:59  Simplified Genome  
  49  8:09  Overseer  
  50  8:10  Overseer  
  49  8:11  Pneumatized Carapace  
  49  8:17  Drone x4  
  32  8:40  Swarmling x3  
  32  8:41  Swarmling x3  
  37  9:02  Overlord x2  
  37  9:06  Overseer x2  
  37  9:07  Overseer  
  37  9:10  Virulent Spores  
  37  9:13  Adrenal Overload  
  37  9:15  Rupture  
  39  9:41  Scourge x2  
  39  9:42  Scourge x14  
  39  9:46  Zerg Melee Weapons Level 2  
  49  9:54  Scourge x4  
  49  9:55  Scourge x6  
  54  10:09  Scourge x2  
  55  10:10  Scourge x12  
  55  10:12  Roach x8  
  55  10:13  Roach x12  
  63  10:24  Scourge x4  
  63  10:25  Swarmling x3  
  60  10:42  Swarmling x12  
  60  10:46  Swarmling x6  
  67  10:53  Scourge x2  
  67  10:54  Swarmling x9, Scourge x8  
  67  10:55  Swarmling x6, Scourge x2  
  73  11:13  Swarmling x3  
  73  11:14  Swarmling x18  
  79  11:21  Swarmling x9  
  76  11:37  Zerg Flyer Weapons Level 1  
  76  11:39  Shredding Claws  
  69  11:48  Swarmling x6  
  72  11:51  Swarmling x3  
  72  11:52  Swarmling x9  
  72  11:53  Swarmling x3  
  77  12:08  Scourge x4  
  77  12:09  Swarmling x6, Scourge x6  
  82  12:10  Swarmling x6, Scourge x2  
  82  12:11  Swarmling x3, Scourge x4  
  82  12:12  Swarmling x6, Scourge x4  
  85  12:23  Scourge x2  
  85  12:24  Swarmling x3, Scourge x6  
  85  12:25  Swarmling x6  
  90  12:44  Zerg Ground Armor Level 2  
  92  12:53  Drone x2  
  92  13:14  Roach x8  
  92  13:15  Roach x12  
  94  13:30  Swarmling x3, Scourge x6  
  94  13:31  Swarmling x3  
  86  13:40  Hatchery  
  86  13:41  Hatchery  
  86  13:46  Swarmling x3, Scourge x8  
  86  13:47  Swarmling x6  
  80  13:58  Zerg Melee Weapons Level 3  
  66  14:02  Scourge x2  
  66  14:03  Swarmling x6, Scourge x2  
  59  14:25  Swarmling x9, Scourge x4  
  59  14:26  Overlord x2, Swarmling x3  
  59  14:28  Overseer  
  59  14:29  Overseer x2  
  56  14:50  Swarmling x12, Scourge x4  
  56  14:51  Swarmling x9, Scourge x4  
  65  15:00  Scourge x4  
  65  15:01  Scourge x2  
  68  15:50  Scourge x8  
  68  15:51  Scourge x8  
  68  15:52  Scourge x6  
  70  16:02  Scourge x8  
  68  16:15  Scourge x4  
  68  16:19  Drone x4  
  74  16:34  Roach x12  
  74  16:35  Roach x8  
  73  16:48  Drone x4  
  73  16:49  Drone x4  
  72  17:17  Hatchery  
  72  17:19  Hatchery  
  66  17:36  Spore Crawler  
  66  17:37  Spore Crawler x2  
  66  17:39  Spore Crawler  
  64  17:40  Spore Crawler  
  64  17:41  Spore Crawler  
  64  17:42  Spore Crawler  
  64  17:43  Spore Crawler  
  64  18:06  Scourge x8  
  64  18:07  Scourge x6  
  71  18:14  Scourge x4  
  71  18:15  Scourge x6  
  62  18:33  Swarmling x3  
  62  18:34  Swarmling x3  
  62  18:38  Drone x4  
  62  18:39  Drone x8  
  71  18:42  Zerg Ground Armor Level 3  
  71  18:44  Zerg Flyer Weapons Level 2  
  71  18:48  Drone x6  
  76  18:50  Drone x6  
  76  18:51  Drone x8  
  83  19:16  Spore Crawler  
  83  19:18  Spore Crawler  
  84  19:20  Spore Crawler  
  84  19:22  Spore Crawler  
  84  19:23  Spore Crawler  
  82  19:30  Spore Crawler  
  82  19:31  Swarmling x6  
  82  19:32  Swarmling x12  
  82  19:33  Spore Crawler  
  92  20:03  Scourge x2  
  92  20:04  Scourge x8  
  92  20:05  Scourge x4  
  99  20:16  Spore Crawler x2  
  99  20:19  Spore Crawler  
  99  20:30  Spore Crawler  
  99  20:32  Spore Crawler  
  99  20:33  Spore Crawler  
  99  20:34  Spore Crawler  
  99  20:36  Spore Crawler  
  94  20:44  Spore Crawler  
  94  20:45  Spore Crawler  
  94  20:47  Scourge x8  
  94  20:48  Scourge x2  
  94  20:49  Spore Crawler  
  94  20:50  Spore Crawler  
  94  20:51  Scourge x6  
  94  20:52  Scourge x6  
  99  21:05  Scourge x4  
  99  21:22  Spore Crawler  
  99  21:26  Spore Crawler  
  99  21:29  Spore Crawler  
  98  21:36  Spore Crawler  
  98  21:37  Scourge x2  
  98  21:38  Spore Crawler, Scourge x2  
  92  22:03  Scourge x2  
  92  22:04  Scourge x16  
  92  22:05  Scourge x16  
  91  22:13  Scourge x6  
  91  22:14  Scourge x8  
  91  22:16  Scourge x2  
  99  23:16  Roach x8, Scourge x2  
  99  23:17  Roach x12, Scourge x24  
  94  23:27  Scourge x2  
  94  23:28  Scourge x10  
  99  23:50  Scourge x10  
  99  23:51  Scourge x6  
  99  23:53  Scourge x10  
Tags
 
Commander
AlarakZagara
Matchup
Co-op
Replay Pack
Co-op Speedrun
Add a new tag
Caveats
  • Supply blocks, unpowered buildings, or Contaminate may cause inaccurate times.
  • Supply counts are checked every 10 seconds.